 Dungeon Crawl Stone Soup version 0.24-a0-459-g225fefd530 (webtiles) character file.

Game seed: 4794128398316115191

23855 CakeEater the Geomancer (level 13, -1/80 HPs)
             Began as a Gargoyle Earth Elementalist on June 28, 2019.
             Was a High Priest of Vehumet.
             Slain by a gnoll
             ... wielding a +1 halberd of freezing
             ... summoned by an orc knight
              (6 damage)
             ... in a bailey.
             The game lasted 00:42:35 (17599 turns).

CakeEater the Geomancer (GrEE)                     Turns: 17599, Time: 00:42:35

Health: -1/80      AC: 21    Str: 15    XL:     13   Next: 9%
Magic:  11/34      EV: 14    Int: 20    God:    Vehumet [*****.]
Gold:   1518       SH:  0    Dex: 10    Spells: 11/29 levels left

rFire    + . .     SeeInvis .   k - +3 dagger (venom)
rCold    . . .     Gourm    +   (no shield)
rNeg     + + .     Faith    .   x - +2 robe {rN+}
rPois    ∞         Spirit   .   p - +2 helmet
rElec    +         Reflect  .   (no cloak)
rCorr    .         Harm     .   (no gloves)
MR       .....                  z - +2 pair of boots
Stlth    ++........             g - amulet of the gourmand
HPRegen  0.23/turn              I - ring of protection from fire
MPRegen  0.24/turn              c - ring of magical power

@: about to teleport
A: rugged brown scales 1, blink, negative energy resistance 1, electricity
resistance, strong 1, unbreathing, petrification resistance, rot immunity, AC +9
a: Blink, Renounce Religion


You were in a bailey.
You worshipped Vehumet.
Vehumet was extremely pleased with you.
You were full.

You visited 2 branches of the dungeon, and saw 13 of its levels.
You also visited: Bailey and Ice Cave.

You collected 1570 gold pieces.
You spent 52 gold pieces at shops.

Inventory:

Hand Weapons
 k - a +3 dagger of venom (weapon)
 y - a +0 morningstar
 C - a +2 flail of holy wrath
Missiles
 b - 224 stones (quivered)
 H - 3 throwing nets
Armour
 p - a +2 helmet (worn)
 x - a +2 robe of positive energy (worn)
 z - a +2 pair of boots (worn)
Jewellery
 c - a ring of magical power (right hand)
 g - an amulet of the gourmand (around neck)
 m - an uncursed ring of fire
 q - an uncursed ring of resist corrosion
 r - the ring of Qehodd {rF+ rN+ MR+ Int-2}
   (You found it on level 11 of the Dungeon)

   [ring of protection from fire]

   It affects your intelligence (-2).
   It protects you from fire.
   It protects you from negative energy.
   It affects your resistance to hostile enchantments.
 I - a ring of protection from fire (left hand)
Wands
 A - a wand of random effects (17)
 K - a wand of paralysis (9)
Scrolls
 e - 14 scrolls of teleportation
 h - 3 scrolls of amnesia
 o - 4 scrolls of fog
 u - 2 scrolls of immolation
 w - a scroll of magic mapping
 E - 3 scrolls of remove curse
Potions
 a - 2 potions of agility
 f - 2 potions of might
 i - 7 potions of curing
 j - a potion of magic
 l - 2 potions of brilliance
 n - 2 potions of heal wounds
 s - 2 potions of flight
 t - a potion of ambrosia
 v - 3 potions of lignification
 B - a potion of invisibility {unknown}
 J - a potion of mutation
 L - a potion of haste
 N - a potion of berserk rage {unknown}
Comestibles
 d - 23 rations
 G - 5 chunks of flesh


   Skills:
 + Level 8.1 Fighting
 + Level 7.2 Maces & Flails
 - Level 6.0 Armour
 + Level 6.3 Dodging
 - Level 2.1 Stealth
 + Level 8.6 Spellcasting
 + Level 9.6 Conjurations
 - Level 0.7 Transmutations
 + Level 11.1 Earth Magic
 - Level 6.0 Evocations


You had 11 spell levels left.
You knew the following spells:

 Your Spells              Type           Power        Failure   Level  Hunger
a - Sandblast             Erth           ######       1%          1    None
b - Stone Arrow           Conj/Erth      ######       1%          3    None
c - Lee's Rapid Deconstr  Erth           ######....   1%          5    #####..
d - Passwall              Tmut/Erth      ####....     1%          2    None
e - Mephitic Cloud        Conj/Pois/Air  ###.....     1%          3    None
f - Airstrike             Air            #.........   21%         4    ###....

Your spell library contained the following spells:

 Spells                   Type           Power        Failure   Level  Hunger
 Iron Shot                Conj/Erth      ######....   4%          6    ######.
 Magic Dart               Conj           ####         1%          1    None
 Conjure Flame            Conj/Fire      ####....     1%          3    None
 Petrify                  Tmut/Erth      ####....     7%          4    ###....
 Blink                    Tloc           N/A          12%         2    None
 Call Imp                 Summ           #.......     12%         2    None
 Slow                     Hex            #.......     12%         2    None


Dungeon Overview and Level Annotations

Branches:
Dungeon (12/15)            Temple (1/1) D:4            Lair (0/6) D:8
    Orc (0/2) D:10

Altars:
Ashenzari
Cheibriados
Dithmenos
Elyvilon
Fedhas
Gozag
Hepliaklqana
Makhleb
Nemelex Xobeh
Okawaru
Qazlal
Ru
Sif Muna
Trog
Uskayaw
Vehumet
Wu Jian
Xom
Yredelemnul
Zin
The Shining One

Shops:
D:9 (   D:10 ?


Innate Abilities, Weirdness & Mutations

You are resistant to torment.
Your stone body is resilient. (AC +9)
You are immune to poison.
You resist negative energy. (rN+)
You are resistant to electric shocks. (rElec)
You can survive without breathing.
You are immune to petrification.
You are immune to rotting.
You are partially covered in rugged brown scales. (AC +1, +3% HP)
You can translocate small distances at will.
Your muscles are strong. (Str +2)


Message History

The orc knight is heavily wounded.
The orc warrior hits you with a +0 long sword.
The orc knight hits you from afar with a +0 halberd!!
The orc knight hits you from afar with a +0 halberd!
* * * LOW HITPOINT WARNING * * *
There is an open door here.
You feel much better. The orc warrior misses you.
The orc knight hits you from afar with a +0 halberd!
The orc knight hits you from afar with a +0 halberd!!
* * * LOW HITPOINT WARNING * * *
You feel much better. The gnoll hits you but does no damage.
The orc warrior hits you with a +0 long sword!!
* * * LOW HITPOINT WARNING * * *
Unknown command.
Unknown command.
As you read the scroll of teleportation, it crumbles to dust.
You feel strangely unstable.
The orc knight hits you but does no damage. x2
The gnoll hits you from afar with a +1 halberd of freezing.
You die...

############ #######
##.∩........## ##.....#####
#....).......######.......#...
#....))......#.o..#)......'...
#∩...))......@oo.)')......'...
#....).......#.g..#[......'..)
#.....)......######.......#...
##.∩........## ##.....#####
############ #######


You could see 2 orc knights, an orc warrior and a gnoll.

Vanquished Creatures
  A centaur warrior (D:8)
  5 two-headed ogres
  An orc knight (Bailey)
  Pikel (D:4)
  A necromancer (IceCv)
  An ugly thing (D:11)
  2 manticores (D:11)
  5 ice statues (IceCv)
  A gargoyle (D:12)
  10 ice devils
  A komodo dragon (D:12)
  A queen bee (D:11)
  4 trolls
  6 polar bears
  Prince Ribbit (D:6)
  A hippogriff (D:9)
  2 vampires
  4 hogs (D:9)
  A wyvern (D:9)
  11 yaks
  A human (D:9)
  Eustachio (D:6)
  A hungry ghost (D:8)
  2 water moccasins
  Menkaure (D:6)
  A soldier ant (D:11)
  Duvessa (D:6)
  A sky beast (D:8)
  4 ice beasts
  13 orc warriors
  A slave (D:4)
  A hornet zombie (D:9)
  A black bear (D:6)
  An eye of draining (D:11)
  6 centaurs
  3 phantoms
  A wolf (D:9)
  5 ogres
  7 bullfrogs
  Dowan (D:6)
  3 scorpions
  A water moccasin skeleton (D:10)
  8 wights
  11 killer bees (D:11)
  3 electric eels (D:9)
  3 howler monkeys (D:9)
  5 crimson imps
  4 jellies
  A quasit (D:8)
  A water moccasin simulacrum (D:9)
  2 bullfrog skeletons
  4 hounds
  10 orc priests
  9 orc wizards
  Jessica (D:2)
  A troll simulacrum (IceCv)
  7 worker ants
  5 iguanas
  A spriggan simulacrum (IceCv)
  2 centaur simulacra
  A hound skeleton (D:6)
  A worker ant zombie (D:11)
  Robin (D:4)
  3 gnolls (D:8)
  10 adders
  5 naga simulacra (IceCv)
  2 ogre simulacra (IceCv)
  2 shadow imps
  A white imp (D:9)
  A worker ant simulacrum (D:9)
  An ufetubus (D:9)
  An adder zombie (D:9)
  3 worms
  3 dart slugs
  4 leopard geckos
  70 orcs
  13 bats
  6 giant cockroaches
  17 goblins
  7 hobgoblins
  7 jackals
  A kobold (D:2)
  4 quokkas
  2 ball pythons
  4 frilled lizards
  2 rats (D:2)
  A butterfly (D:4)
368 creatures vanquished.

Vanquished Creatures (others)
  2 slaves (D:4)
  A worker ant (D:4)
  4 orcs (D:4)
7 creatures vanquished.

Grand Total: 375 creatures vanquished

Notes
Turn   | Place    | Note
-------+----------+-------------------------------------------
     0 | D:1      | CakeEater the Gargoyle Earth Elementalist began the quest
                  | for the Orb.
     0 | D:1      | Reached XP level 1. HP: 10/10 MP: 3/3
   882 | D:2      | Gained mutation: Your magical capacity is low. (-10% MP)
                  | [potion of mutation]
   882 | D:2      | Gained mutation: You are partially covered in rugged brown
                  | scales. (AC +1, +3% HP) [potion of mutation]
   882 | D:2      | Gained mutation: You are resistant to hostile enchantments.
                  | (MR+) [potion of mutation]
   925 | D:2      | Noticed an angel
   927 | D:2      | Found a shimmering altar of Xom.
   928 | D:2      | Found a glowing silver altar of Zin.
   929 | D:2      | Noticed Jessica
   958 | D:2      | Killed Jessica
   958 | D:2      | Reached skill level 4 in Earth Magic
   958 | D:2      | Reached XP level 2. HP: 15/15 MP: 3/5
   958 | D:2      | Reached XP level 3. HP: 19/19 MP: 3/6
  1115 | D:2      | Learned a level 3 spell: Stone Arrow
  1605 | D:2      | Reached skill level 1 in Conjurations
  1605 | D:2      | Reached XP level 4. HP: 11/24 MP: 5/7
  1844 | D:2      | Found an ornate altar of the Wu Jian Council.
  2167 | D:2      | Learned a level 2 spell: Passwall
  2579 | D:3      | Reached skill level 5 in Earth Magic
  2699 | D:3      | Reached XP level 5. HP: 28/28 MP: 8/8
  3079 | D:4      | Noticed a slave
  3079 | D:4      | Noticed a slave
  3080 | D:4      | Noticed Pikel
  3080 | D:4      | Noticed a slave
  3080 | D:4      | Noticed a slave
  3106 | D:4      | Killed a slave
  3107 | D:4      | Killed Pikel
  3107 | D:4      | Reached skill level 6 in Earth Magic
  3107 | D:4      | Reached XP level 6. HP: 14/32 MP: 9/11
  3107 | D:4      | Reached XP level 7. HP: 16/37 MP: 9/12
  3330 | D:4      | Noticed Robin
  3471 | D:4      | Killed Robin
  3717 | D:4      | Found a staircase to the Ecumenical Temple.
  3729 | Temple   | Entered the Ecumenical Temple
  3751 | Temple   | Became a worshipper of Vehumet
  3777 | D:4      | Reached skill level 5 in Spellcasting
  3777 | D:4      | Reached skill level 7 in Earth Magic
  4109 | D:4      | Found a glowing golden altar of the Shining One.
  4133 | D:5      | Entered Level 5 of the Dungeon
  4187 | D:5      | Found a blossoming altar of Fedhas.
  4400 | D:5      | Reached XP level 8. HP: 40/42 MP: 14/14
  4885 | D:5      | Found a shattered altar of Ashenzari.
  4897 | D:5      | Reached skill level 1 in Armour
  5077 | D:6      | Reached skill level 1 in Fighting
  5077 | D:6      | Reached skill level 1 in Maces & Flails
  5077 | D:6      | Reached skill level 5 in Conjurations
  5077 | D:6      | Reached skill level 1 in Evocations
  5205 | D:6      | Noticed Dowan
  5208 | D:6      | Noticed Duvessa
  5225 | D:6      | Killed Duvessa
  5225 | D:6      | Reached * piety under Vehumet
  5225 | D:6      | Offered knowledge of Shock by Vehumet.
  5231 | D:6      | Killed Dowan
  5331 | D:6      | Noticed Prince Ribbit
  5339 | D:6      | Killed Prince Ribbit
  5500 | D:6      | Found a snail-covered altar of Cheibriados.
  5522 | D:6      | Noticed Eustachio
  5532 | D:6      | Killed Eustachio
  5532 | D:6      | Reached XP level 9. HP: 50/50 MP: 9/15
  5539 | D:6      | Learned a level 5 spell: Lee's Rapid Deconstruction
  5648 | D:6      | Found a shattered altar of Ashenzari.
  5651 | D:6      | Noticed Menkaure
  5657 | D:6      | Killed Menkaure
  6331 | D:7      | Reached skill level 8 in Earth Magic
  6590 | D:7      | Found a stormy altar of Qazlal.
  6893 | D:7      | Noticed a +0 hand axe
  6893 | D:7      | Noticed a +0 hand axe
  6905 | D:7      | Found a hide-covered altar of Uskayaw.
  7471 | D:7      | Found a basalt altar of Yredelemnul.
  7820 | D:8      | Offered knowledge of Throw Frost by Vehumet.
  7823 | D:8      | Reached ** piety under Vehumet
  8022 | D:8      | Found a staircase to the Lair.
  8022 | D:8      | Noticed a centaur warrior
  8111 | D:8      | Killed a centaur warrior
  8111 | D:8      | Reached XP level 10. HP: 30/59 MP: 17/17
  8659 | D:8      | Noticed a two-headed ogre
  8729 | D:8      | Killed a two-headed ogre
  9046 | D:9      | Reached skill level 5 in Fighting
  9046 | D:9      | Reached skill level 9 in Earth Magic
  9372 | D:9      | Offered knowledge of Mephitic Cloud by Vehumet.
  9374 | D:9      | Reached skill level 5 in Armour
  9379 | D:9      | Learned a level 3 spell: Mephitic Cloud
  9422 | D:9      | Found a burning altar of Makhleb.
  9859 | D:9      | Found Buil Syfry's Antique Weapon Emporium.
  9883 | D:9      | Reached XP level 11. HP: 65/65 MP: 7/19
 10030 | D:9      | Found a hazy altar of Hepliaklqana.
 10065 | D:9      | Noticed a two-headed ogre
 10075 | D:9      | Killed a two-headed ogre
 10075 | D:9      | Reached *** piety under Vehumet
 10179 | D:9      | Reached skill level 5 in Maces & Flails
 10364 | D:9      | Found a snail-covered altar of Cheibriados.
 10499 | D:9      | Lost mutation: You are resistant to hostile enchantments.
                  | (MR+) [potion of mutation]
 10499 | D:9      | Lost mutation: Your magical capacity is low. (-10% MP)
                  | [potion of mutation]
 10499 | D:9      | Gained mutation: Your natural rate of healing is unusually
                  | fast. [potion of mutation]
 10499 | D:9      | Lost mutation: Your natural rate of healing is unusually
                  | fast. [potion of mutation]
 10499 | D:9      | Gained mutation: You can translocate small distances at
                  | will. [potion of mutation]
 10499 | D:9      | Gained mutation: Your muscles are strong. (Str +2) [potion
                  | of mutation]
 10516 | D:9      | Offered knowledge of Ignite Poison by Vehumet.
 10878 | D:9      | Noticed a two-headed ogre
 10889 | D:9      | Killed a two-headed ogre
 11169 | D:10     | Entered Level 10 of the Dungeon
 11254 | D:9      | Reached skill level 5 in Dodging
 11756 | D:10     | Found a staircase to the Orcish Mines.
 11913 | D:10     | Reached skill level 10 in Earth Magic
 11919 | D:10     | Reached **** piety under Vehumet
 11920 | D:10     | Found an opulent altar of Gozag.
 11935 | D:10     | Offered knowledge of Airstrike by Vehumet.
 11964 | D:10     | Paralysed by an orc for 2 turns
 12075 | D:10     | Found Zakucsog's Magic Scroll Boutique.
 12080 | D:10     | Bought a scroll of magic mapping for 52 gold pieces
 12133 | D:10     | You fall into a shaft and drop 1 floor!
 12133 | D:11     | Found a bloodstained altar of Trog.
 12148 | D:11     | Reached skill level 5 in Evocations
 12154 | D:11     | Reached XP level 12. HP: 37/73 MP: 21/23
 12357 | D:11     | Found a frozen archway.
 12374 | IceCv    | Entered an ice cave
 14693 | D:11     | Noticed a two-headed ogre
 14703 | D:11     | Killed a two-headed ogre
 15984 | D:11     | Got a fine ivory ring
 15986 | D:11     | Identified the ring of Qehodd {rF+ rN+ MR+ Int-2} (You
                  | found it on level 11 of the Dungeon)
 16562 | D:12     | Reached skill level 11 in Earth Magic
 16586 | D:12     | Found a flagged portal.
 16594 | Bailey   | Entered a bailey
 17268 | Bailey   | Reached ***** piety under Vehumet
 17280 | Bailey   | Learned a level 4 spell: Airstrike
 17359 | Bailey   | Identified a scroll of acquirement
 17396 | Bailey   | Reached XP level 13. HP: 80/80 MP: 25/25
 17399 | Bailey   | Offered knowledge of Iron Shot by Vehumet.
 17599 | Bailey   | Slain by a gnoll

Levels and vault maps discovered:
D:1:      dpeg_arrival_chase, layout_loops_cross, serial_glass, glass_columns_b,
          glass_columns_c
D:2:      layout_basic, grunt_temple_overflow_order_and_chaos_1,
          marbit_many_paths, kennysheep_cross_bottleneck, uniq_jessica
D:3:      layout_loops_ring
D:4:      layout_loops_ring, nicolae_overflow_hidden_temple,
          minmay_temple_entry_butterflies, uniq_robin, uniq_pikel
D:5:      layout_basic, kennysheep_mini_moat, fedhas_altar_1, first_ration,
          roderic_batcave, serial_bayou_ford_a
D:6:      layout_rooms, kennysheep_slug_shrine, nicolae_ashenzari_panopticon,
          uniq_duvessa, uniq_prince_ribbit1, uniq_menkaure, uniq_eustachio
D:7:      layout_loops_corners, lemuel_coloured_pillars_altar,
          kennysheep_little_box, dancing_weapons_uskayaw
D:8:      layout_cave_pods, lair_entry_dummy
D:9:      layout_basic, lemuel_crystal_altar, kennysheep_mini, serial_shops,
          nicolae_shop_overgrown_old_shop, serial_ice, serial_ice_j,
          serial_ice_e, serial_ice_b, serial_ice_m, serial_ice_d, serial_ice_c,
          serial_ice_g, serial_ice_h, basic_altar, grunt_livestock
D:10:     layout_long_grid, orc_0_dummy, serial_shops, shop,
          nicolae_gozag_cash_rules_everything_around_me
D:11:     layout_rooms, special_room [special_room_bee],
          portal_ice_cave_demonic_guard, grunt_ministairs_12,
          trog_ov_bears_minmay
D:12:     layout_cave_pools, enter_bailey_3
Temple:   eino_wide_crystal_templ
Bailey:   bailey_polearm_5, bailey

Skill      XL: |  1  2  3  4  5  6  7  8  9 10 11 12 13 |
---------------+----------------------------------------+-----
Earth Magic    | 4 5 6 7 8 9 10 11 | 11.1
Spellcasting   | 3 4 5 6 7 8 |  8.6
Conjurations   | 1 4 5 6 7 8 9 |  9.6
Armour         | 2 4 5 6 |  6.0
Fighting       | 2 4 5 6 7 8 |  8.1
Maces & Flails | 2 3 4 5 7 |  7.2
Evocations     | 1 2 3 5 6 |  6.0
Dodging        | 2 3 4 5 6 |  6.3
Stealth        | |  2.1
Transmutations | |  0.7

Action                   |  1- 3 |  4- 6 |  7- 9 | 10-12 | 13-15 || total
-------------------------+-------+-------+-------+-------+-------++-------
Melee: Dagger            |    37 |   100 |   345 |   394 |       ||   876
 Cast: Sandblast         |     8 |     2 |    39 |   176 |     6 ||   231
       Passwall          |       |     2 |     1 |       |       ||     3
       Stone Arrow       |       |       |     9 |    52 |       ||    61
       Lee's Rapid Decon |       |       |     4 |    82 |    19 ||   105
Evoke: Wand              |       |       |     3 |       |     7 ||    10
  Use: Scroll            |     7 |     8 |     7 |    10 |     1 ||    33
       Potion            |     2 |       |       |     2 |     4 ||     8
 Stab: Sleeping          |       |     4 |     8 |       |       ||    12
       Distracted        |       |       |     1 |       |       ||     1
  Eat: Chunk             |     9 |    10 |    18 |    55 |     3 ||    95
       Ration            |       |       |       |     1 |       ||     1
Armor: Robe              |    17 |    32 |   178 |   328 |     6 ||   561
Dodge: Dodged            |    21 |    46 |   266 |   494 |    11 ||   838

Table legend:
 A = Non-vault XP
 B = Vault XP
 C = Vault XP percentage of total XP
 D = Non-vault monster count
 E = Vault monster count
 F = Vault count percentage of total count
                 A         B        C        D         E       F
            +---------+---------+-------+---------+---------+-------
      Total |   18888 |   15191 |  44.6 |     237 |     129 |  35.2
            +---------+---------+-------+---------+---------+-------
        D:1 |       5 |       0 |   0.0 |       3 |       0 |   0.0
        D:2 |      62 |      41 |  39.8 |      14 |       2 |  12.5
        D:3 |      70 |       0 |   0.0 |      24 |       0 |   0.0
        D:4 |     275 |     666 |  70.8 |      13 |      13 |  50.0
        D:5 |     287 |      13 |   4.3 |      15 |       9 |  37.5
        D:6 |     689 |     834 |  54.8 |      18 |       6 |  25.0
        D:7 |     827 |       0 |   0.0 |      20 |       0 |   0.0
        D:8 |    3405 |       0 |   0.0 |      40 |       0 |   0.0
        D:9 |    5683 |    2856 |  33.4 |      37 |      18 |  32.7
       D:10 |    1957 |       0 |   0.0 |      21 |       0 |   0.0
       D:11 |    4359 |    2440 |  35.9 |      27 |      18 |  40.0
       D:12 |    1269 |       2 |   0.2 |       5 |       1 |  16.7
     Bailey |       0 |    2571 | 100.0 |       0 |      38 | 100.0
      IceCv |       0 |    5768 | 100.0 |       0 |      24 | 100.0
            +---------+---------+-------+---------+---------+-------
